 Dungeon Crawl Stone Soup version 0.30.1-11-g7821555f0a (webtiles) character file.

Game seed: 4520386569830210327

13 MacCMillion the Trooper (level 2, -1/26 HPs)
             Began as a Ghoul Fighter on Dec 3, 2023.
             Slain by a kobold
             ... wielding a +4 vampiric short sword
              (7 damage)
             ... on level 1 of the Dungeon.
             The game lasted 00:00:23 (227 turns).

MacCMillion the Trooper (Ghoul Fighter)              Turns: 227, Time: 00:00:23

Health: -1/26      AC:  6    Str: 19    XL:     2   Next: 37%
Magic:  1/1        EV:  9    Int:  3    God:
Gold:   6          SH:  4    Dex:  8    Spells: 1/1 levels left

rFire   . . .        a - +0 war axe
rCold   + . .        c - +0 buckler
rNeg    + + +        b - +0 scale mail
rPois   ∞            (no helmet)
rElec   .            (no cloak)
rCorr   .            (no gloves)
SInv    .            (no boots)
Will    .....        (no amulet) Stlth
                     (no ring)
HPRegen 0.00/turn    (no ring)
MPRegen 0.07/turn

%: no passive effects
@: inhibited regen
A: claws 1, cold resistance 1, negative energy resistance 3, inhibited
regeneration, torment resistance 2, devour on kill
a: no special abilities


You were on level 1 of the Dungeon.
You visited 1 branch of the dungeon, and saw 1 of its levels.

You collected 6 gold pieces.

Inventory:

Hand Weapons
 a - a +0 war axe (weapon)
Armour
 b - a +0 scale mail (worn)
 c - a +0 buckler (worn)
Potions
 d - a potion of might


   Skills:
 - Level 3.2 Fighting
 + Level 2.2 Axes
 - Level 2.6 Armour
 + Level 3.0 Shields


You had one spell level left.
You didn't know any spells.
Your spell library was empty.

Dungeon Overview and Level Annotations

Branches:
Dungeon (1/15)

Altars:


Innate Abilities, Weirdness & Mutations

You are immune to poison.
You have sharp fingernails.
Your flesh is cold resistant. (rC+)
You are immune to negative energy. (rN+++)
You do not regenerate when monsters are visible.
You are immune to unholy pain and torment.
You thrive by killing the living.


Message History

You kill the goblin!
The goblin hits you but does no damage.
Things that are here:
a +0 club; a goblin corpse You barely miss the goblin.
The goblin closely misses you.
You barely miss the kobold. You hit the goblin. You barely miss the hobgoblin.
The hobgoblin hits you but does no damage.
The goblin hits you but does no damage.
The kobold hits you with a +4 vampiric short sword.
The hobgoblin hits you. The goblin hits you but does no damage.
You block the kobold's attack.
You closely miss the goblin.
The goblin is moderately wounded.
You barely miss the kobold. You barely miss the hobgoblin.
You block the goblin's attack.
The hobgoblin hits you but does no damage.
The kobold hits you with a +4 vampiric short sword.
You closely miss the goblin.
The goblin is moderately wounded.
You barely miss the hobgoblin. You closely miss the kobold.
The hobgoblin completely misses you. You block the goblin's attack.
The kobold barely misses you. The hobgoblin closely misses you.
The goblin barely misses you. You block the kobold's attack.
You closely miss the goblin.
The goblin is moderately wounded.
You closely miss the kobold. You hit the hobgoblin.
You kill the hobgoblin!
The goblin hits you with a +0 dagger. The kobold barely misses you.
You hit the goblin.
The goblin is severely wounded.
You miss the kobold. The goblin barely misses you.
The kobold hits you with a +4 vampiric short sword!
The kobold hits you but does no damage. The goblin hits you but does no damage.
You hit the goblin.
You kill the goblin!
You feel better.
You hit the kobold but do no damage.
The kobold hits you with a +4 vampiric short sword.
* * * LOW HITPOINT WARNING * * *
The kobold hits you with a +4 vampiric short sword!
You die...

#..###.# .# ......#####.#
#.....#.....#
###...............
....................
#..................
##..................
#.....K@†...........
.......)............
#########.................
##...##..#....[...†........
##.##....##............#..
#..###.###.............#
##..##.###............#.#
......## #..........#.#.#
.###...# #..........#.#.#


You could see a kobold.

Vanquished Creatures
  A dart slug (D:1)
  2 endoplasms (D:1)
  2 goblins (D:1)
  A hobgoblin (D:1)
  A quokka (D:1)
  A bat (D:1)
  A frilled lizard (D:1)
  A kobold (D:1)
10 creatures vanquished.

Notes
Turn   | Place    | Note
-------+----------+-------------------------------------------
     0 | D:1      | MacCMillion the Ghoul Fighter began the quest for the Orb.
     0 | D:1      | Reached XP level 1. HP: 19/19 MP: 0/0
   150 | D:1      | Reached XP level 2. HP: 20/26 MP: 1/1
   227 | D:1      | Slain by a kobold

Illustrated notes

Levels and vault maps discovered:
D:1:      lemuel_arrival_tunnels, layout_rooms, dreamdust_ecumenical_altar_grove

Skill      XL: |  1  2 |
---------------+-------+-----
Axes           | 2 |  2.2
Shields        | 3 |  3.0
Fighting       | |  3.2
Armour         | |  2.6

Action                     || total
---------------------------++-------
  Melee: War axe           ||    35
 Armour: Scale mail        ||    18
  Dodge: Dodged            ||    24
  Block: Buckler           ||     9
